 Dungeon Crawl Stone Soup version 0.30-a0-782-ge64f9170bb (webtiles) character file.

Game seed: 8614790031449433839

11545 DSell the Geomancer (level 11, -11/61 HPs)
             Began as a Gargoyle Earth Elementalist on Mar 10, 2023.
             Was an Elder of Ashenzari.
             Shot with an arrow by Nessos (17 damage)
             ... on level 12 of the Dungeon on Mar 11, 2023.
             The game lasted 00:53:19 (14382 turns).

DSell the Geomancer (Gargoyle Earth Elementalist)  Turns: 14382, Time: 00:53:20

Health: -11/61     AC: 18    Str: 11    XL:     11   Next: 79%
Magic:  19/24      EV: 18    Int: 21    God:    Ashenzari [****..]
Gold:   409        SH:  0    Dex: 10    Spells: 18/28 levels left

rFire   . . .      SeeInvis +    l - +4 rapier "Thunder Perfect Mind" {drain, Range, Cun} (curse)
rCold   . . .      Faith    .    (no shield)
rNeg    + . .      Spirit   .    a - +0 robe of Ashenzari's Burden {Bglg, Comp} (curse)
rPois   ∞          Reflect  .    t - +2 helmet "Share My Augurer" {Alch, Cun} (curse)
rElec   +          Harm     .    (no cloak)
rCorr   .          Rampage  .    (no gloves)
Will    .....      Clarity  +    F - +0 pair of boots of the Cursed Frustration {Comp, Alch} (curse)
Stlth   +++                      (no amulet)
HPRegen 0.30/turn                b - ring of the Lashed Sky {EV+5, Range, Fort} (curse)
MPRegen 0.19/turn                y - ring "Shackled Affliction" {AC+4, Range, Comp} (curse)

@: about to teleport
A: sickness immunity, AC +8, negative energy resistance 1, electricity
resistance, torment resistance 1, petrification resistance
a: Renounce Religion, Curse Item, Shatter the Chains


You were on level 12 of the Dungeon.
You worshipped Ashenzari.
Ashenzari was greatly pleased with you.
You visited 2 branches of the dungeon, and saw 13 of its levels.

You collected 499 gold pieces.
You spent 90 gold pieces at shops.

Inventory:

Hand Weapons
 l - the cursed +4 rapier "Thunder Perfect Mind" (weapon) {drain, Range, Cun}
   (You took it off Eustachio on level 4 of the Dungeon)

   It has a curse which improves the following skills: Ranged Combat: Ranged
   Weapons and Throwing.
   Cunning:   Dodging and Stealth.
 v - a +4 falchion
Armour
 a - the cursed +0 robe of Ashenzari's Burden (worn) {Bglg, Comp}

   It has a curse which improves the following skills: Beguiling: Conjurations,
   Hexes and Translocations.
   Companions: Summonings and Necromancy.
 o - a +2 leather armour of fire resistance
 s - the +3 ring mail of Claustrophobia {Fly rC- rN+++}
   (You found it on level 6 of the Dungeon)

   rC:        It makes you vulnerable to cold.
   rN:        It renders you almost immune to negative energy.
   Fly:       It grants you flight.
 t - the cursed +2 helmet "Share My Augurer" (worn) {Alch, Cun}
   (You found it on level 7 of the Dungeon)

   It has a curse which improves the following skills: Alchemy: Poison Magic and
   Transmutations.
   Cunning:   Dodging and Stealth.
 F - the cursed +0 pair of boots of the Cursed Frustration (worn) {Comp, Alch}
   (You found it on level 11 of the Dungeon)

   It has a curse which improves the following skills: Companions: Summonings
   and Necromancy.
   Alchemy:   Poison Magic and Transmutations.
Jewellery
 b - the cursed ring of the Lashed Sky (left hand) {EV+5, Range, Fort}
   (You found it on level 5 of the Dungeon)

   [ring of evasion]

   EV:        It affects your evasion (+5).
   It has a curse which improves the following skills: Ranged Combat: Ranged
   Weapons and Throwing.
   Fortitude: Armour and Shields.
 y - the cursed ring "Shackled Affliction" (right hand) {AC+4, Range, Comp}
   (You took it off a wight on level 7 of the Dungeon)

   [ring of protection]

   AC:        It affects your AC (+4).
   It has a curse which improves the following skills: Ranged Combat: Ranged
   Weapons and Throwing.
   Companions: Summonings and Necromancy.
Wands
 u - a wand of acid (8)
 x - a wand of polymorph (8)
 B - a wand of charming (4)
Scrolls
 d - 2 scrolls of immolation
 m - a scroll of summoning
 n - 3 scrolls of fear
 p - 5 scrolls of teleportation
 q - a scroll of brand weapon
 r - a scroll of poison
 w - a scroll of fog
 z - 2 scrolls of enchant weapon
 A - a scroll of amnesia
 C - 2 scrolls of magic mapping
Potions
 c - 2 potions of berserk rage
 e - a potion of lignification
 f - 5 potions of haste
 g - 3 potions of might
 h - a potion of invisibility
 i - 2 potions of degeneration
 j - a potion of resistance
 D - a potion of curing


   Skills:
 - Level 4.0 Fighting
 - Level 2.3(4.6) Dodging
 - Level 3.2(5.8) Stealth
 * Level 9.4 Spellcasting
 - Level 5.8(7.7) Conjurations
 - Level 5.4(8.3) Transmutations
 + Level 14.6 Earth Magic


You had 18 spell levels left.
You knew the following spells:

 Your Spells              Type           Power      Damage    Failure   Level
a - Sandblast             Erth           100%       2d20      0%          1
b - Passwall              Tmut/Erth      45%        N/A       1%          2
c - Stone Arrow           Conj/Erth      100%       3d13      1%          3
d - Petrify               Tmut/Erth      55%        N/A       1%          4

Your spell library contained the following spells:

 Spells                   Type           Power      Damage    Failure   Level
 Magic Dart               Conj           100%       1d8       1%          1
 Wereblood                Tmut           45%        N/A       1%          2
 Leda's Liquefaction      Hex/Erth       20%        N/A       3%          4
 Slow                     Hex            40%        N/A       6%          1
 Mephitic Cloud           Conj/Pois/Air  21%        N/A       7%          3
 Iskenderun's Battlesphe  Conj           42%        2d9       8%          5
 Call Imp                 Summ           12%        N/A       9%          2
 Borgnjor's Vile Clutch   Necr/Erth      20%        N/A       9%          5
 Lesser Beckoning         Tloc           20%        N/A       10%         2
 Iron Shot                Conj/Erth      27%        9d6       11%         6
 Flame Wave               Conj/Fire      26%        2d8       14%         4
 Sticky Flame             Conj/Fire      26%        2d5       14%         4
 Vampiric Draining        Necr           12%        2d6       17%         3
 Confusing Touch          Hex            10%        N/A       19%         3
 Gell's Gravitas          Tloc           10%        N/A       19%         3
 Teleport Other           Tloc           10%        N/A       19%         3
 Inner Flame              Hex/Fire       10%        N/A       21%         3
 Fireball                 Conj/Fire      13%        3d7       36%         5
 Conjure Ball Lightning   Conj/Air       13%        3x3d6     91%         6
 Orb of Destruction       Conj           21%        9d8       94%         7
 Summon Hydra             Summ           6%         N/A       100%        7
 Sublimation of Blood     Necr           Unusable   N/A       N/A         2
 Statue Form              Tmut/Erth      Unusable   N/A       N/A         6

Dungeon Overview and Level Annotations

Branches:
Dungeon (12/15)            Temple (1/1) D:4             Orc (0/2) D:11
   Lair: D:8-11

Altars:
Ashenzari
Cheibriados
Dithmenos
Elyvilon
Fedhas
Gozag
Hepliaklqana
Kikubaaqudgha
Makhleb
Nemelex Xobeh
Okawaru
Qazlal
Ru
Sif Muna
Trog
Uskayaw
Wu Jian
Yredelemnul
Zin
The Shining One

Shops:
D:3 [   D:6 ?   D:8 ?   D:10 [

Annotations:
D:12 Nessos


Innate Abilities, Weirdness & Mutations

You are immune to sickness and miasma.
Your stone body is resilient. (AC +8)
You are immune to poison.
You resist negative energy. (rN+)
You are resistant to electric shocks. (rElec)
You are resistant to unholy torment.
You are immune to petrification.


Message History

The blast of sand hits Nessos!
Nessos is lightly wounded.
Aiming: Sandblast (safe; 0% risk of failure)
Press: ? - help, Q - select action, (/) - cycle Shift-Dir - straight line, f/p - Nessos
Aim: Nessos, wielding a +1 longbow of flaming and wearing a +0 barding (lightly wounded, petrified, 100% to hit)
The blast of sand hits Nessos but does no damage.
Nessos is lightly wounded.
There is an escape hatch in the floor here.
Nessos casts a spell.
Nessos seems to speed up.
Nessos stands on their hind legs for a moment.
Nessos mumbles some strange words.
Nessos blinks!
Nessos casts a spell.
Nessos blinks!
Nessos casts a spell.
Nessos blinks!
Nessos mumbles some strange words.
Nessos blinks!
Nessos shoots an arrow.
The arrow hits you! The arrow burns you.
You hear a horrible gurgling sound!
Nessos shoots an arrow.
The arrow hits you but does no damage.
Nessos shoots an arrow.
The arrow hits you! The arrow burns you.
Nessos shoots an arrow.
The arrow barely misses you.
Nessos shoots an arrow.
The arrow hits you! The arrow burns you.
Nessos shoots an arrow.
The arrow hits you!
* * * LOW HITPOINT WARNING * * *
The arrow burns you.
* * * LOW HITPOINT WARNING * * *
You hear a horrible gurgling sound!
Blink to where?
Press: ? - help, Dir - move target, p - Nessos
As you read the scroll of blinking, it crumbles to dust.
Casting: Sandblast (safe; 0% risk of failure)
Confirm with . or Enter, or press ? or * to list all spells.
Okay, then.
As you read the scroll of teleportation, it crumbles to dust.
You feel strangely unstable.
Nessos shoots an arrow.
The arrow barely misses you.
Nessos shoots an arrow.
The arrow hits you!
You die...

*.........## #.
########.# #.######
############### #c#
#.......
..............# #.#
#.<#***
.############.# #.#
##C# .############.#
#.# #.#####
.....).....##.# #.#
#$.....
##########.##.######c#
#..#### #.#....@....#
#..# #.#..######.#
#..# #.....# #.# #..#
##### ###...# #.#
#..#*** ....# ###...#
#.# #... , ###.#
#.....# #.# #... * #.#
#.#.#.# #.# #...* #.#
#.#.#.# #..,, ,,, #.#
#.#.#.#####* * *


You could see Nessos (fast).

Vanquished Creatures
  A two-headed ogre (D:8)
  The ghost of dunno567 the Thaumaturge, a journeyman DEAE of Gozag (D:10)
  Pikel (D:4)
  A cyclops (D:11)
  A manticore (D:11)
  A gargoyle (D:10)
  3 trolls
  A shadow (D:8)
  6 slime creatures (D:12)
  17 yaks
  A vampire (D:11)
  A ynoxinul (D:10)
  Eustachio (D:4)
  3 vampire mosquitoes (D:11)
  3 swamp worms
  A water moccasin (D:7)
  An ice beast (D:6)
  A sky beast (D:7)
  An orc warrior (D:8)
  3 black bears
  2 ogres
  2 centaurs
  A lemure (D:5)
  2 kobold brigands
  3 bullfrogs
  A necrophage (D:7)
  5 scorpions
  A gnoll sergeant (D:12)
  13 wights
  3 howler monkeys (D:10)
  6 hounds
  A gnoll bouda (D:6)
  6 orc priests
  4 iguanas
  2 orc wizards
  Robin (D:2)
  6 gnolls
  16 adders
  3 white imps
  3 ufetubi
  4 worms (D:2)
  A dart slug (D:1)
  20 orcs
  9 endoplasms
  6 giant cockroaches
  14 goblins
  10 hobgoblins
  17 kobolds
  A quokka (D:3)
  9 ball pythons
  3 bats (D:1)
  5 frilled lizards
  10 rats
239 creatures vanquished.

Vanquished Creatures (others)
  8 plants
  5 withered plants (D:2)
13 creatures vanquished.

Grand Total: 252 creatures vanquished

Notes
Turn   | Place    | Note
-------+----------+-------------------------------------------
     0 | D:1      | DSell the Gargoyle Earth Elementalist began the quest for
                  | the Orb.
     0 | D:1      | Reached XP level 1. HP: 10/10 MP: 3/3
   170 | D:1      | Reached skill level 1 in Transmutations
   170 | D:1      | Reached XP level 2. HP: 15/15 MP: 3/5
   262 | D:1      | You fall into a shaft and drop 1 floor!
   544 | D:1      | Reached XP level 3. HP: 19/19 MP: 4/6
   677 | D:1      | Reached skill level 4 in Earth Magic
  1764 | D:2      | Noticed Robin
  1765 | D:2      | Reached XP level 4. HP: 24/24 MP: 3/7
  2123 | D:2      | Found a faded altar of an unknown god.
  2451 | D:2      | Killed Robin
  2772 | D:3      | Found a white marble altar of Elyvilon.
  2773 | D:3      | Found Cokiyppe's Antique Armour Emporium.
  2842 | D:3      | Reached XP level 5. HP: 28/28 MP: 4/9
  3301 | D:4      | Noticed Eustachio
  3361 | D:4      | Reached skill level 5 in Earth Magic
  3538 | D:4      | Noticed a black bear
  3553 | D:4      | Reached skill level 6 in Earth Magic
  3553 | D:4      | Reached XP level 6. HP: 25/32 MP: 6/10
  3553 | D:4      | Killed a black bear
  3608 | D:4      | Reached skill level 7 in Earth Magic
  3620 | D:4      | Reached XP level 7. HP: 33/36 MP: 4/11
  3707 | D:4      | Found a staircase to the Ecumenical Temple.
  3715 | Temple   | Entered the Ecumenical Temple
  3887 | Temple   | Became a worshipper of Ashenzari the Shackled
  4058 | D:4      | Reached skill level 8 in Earth Magic
  4201 | D:4      | Killed Eustachio
  4202 | D:4      | Reached skill level 9 in Earth Magic
  4514 | D:5      | Entered Level 5 of the Dungeon
  4555 | D:5      | Noticed Pikel
  4564 | D:5      | Reached XP level 8. HP: 31/41 MP: 4/12
  4625 | D:4      | Learned a level 2 spell: Passwall
  4629 | D:4      | Learned a level 3 spell: Stone Arrow
  4638 | D:4      | HP: 2/41 [Pikel/+2 whip of freezing (6)]
  4932 | D:4      | Killed Pikel
  4933 | D:4      | Reached skill level 11 in Earth Magic
  4997 | D:4      | Learned a level 4 spell: Petrify
  5209 | D:5      | Reached skill level 1 in Conjurations
  5225 | D:5      | Reached skill level 1 in Fighting
  6102 | D:6      | Reached * piety under Ashenzari
  6193 | D:6      | Reached XP level 9. HP: 40/48 MP: 3/13
  6625 | D:6      | Found Muhenol's Magic Scroll Boutique.
  6930 | D:6      | Reached ** piety under Ashenzari
  7054 | D:6      | Identified the +3 ring mail of Claustrophobia {Fly rC-
                  | rN+++}
  7063 | D:6      | Found a stormy altar of Qazlal.
  7408 | D:7      | Reached skill level 12 in Earth Magic
  7984 | D:7      | Found an iron altar of Okawaru.
  8150 | D:7      | Reached skill level 5 in Conjurations
  8439 | D:7      | Reached *** piety under Ashenzari
  9001 | D:8      | Reached XP level 10. HP: 56/56 MP: 4/15
  9265 | D:8      | Found a burning altar of Makhleb.
  9393 | D:8      | Found a sparkling altar of Nemelex Xobeh.
  9393 | D:8      | Found a shimmering blue altar of Sif Muna.
  9393 | D:8      | Found a glowing silver altar of Zin.
  9393 | D:8      | Found an opulent altar of Gozag.
  9397 | D:8      | Found a glowing golden altar of the Shining One.
  9690 | D:8      | Found Ihej's Magic Scroll Boutique.
  9698 | D:8      | Bought a scroll of teleportation for 45 gold pieces
  9698 | D:8      | Bought a scroll of teleportation for 45 gold pieces
  9802 | D:8      | Noticed a two-headed ogre
 10059 | D:8      | Killed a two-headed ogre
 10060 | D:8      | Reached skill level 5 in Spellcasting
 10060 | D:8      | Reached skill level 13 in Earth Magic
 10411 | D:8      | Found an ornate altar of the Wu Jian Council.
 10669 | D:8      | Found a blossoming altar of Fedhas.
 10765 | D:10     | Entered Level 10 of the Dungeon
 10769 | D:10     | Found a sacrificial altar of Ru.
 10884 | D:10     | Noticed dunno567's ghost (journeyman DEAE)
 10884 | D:10     | Identified the Anthology of Stones
 11066 | D:10     | Found a runed translucent door.
 11427 | D:10     | Found Isos's Armour Shop.
 11431 | D:10     | Noticed a gargoyle
 11479 | D:10     | Killed a gargoyle
 11480 | D:10     | Reached skill level 5 in Transmutations
 11905 | D:10     | Reached XP level 11. HP: 54/61 MP: 6/21
 12178 | D:10     | Killed dunno567's ghost
 12466 | D:11     | Reached skill level 14 in Earth Magic
 12643 | D:11     | Found a staircase to the Orcish Mines.
 12826 | D:11     | Reached **** piety under Ashenzari
 12989 | D:11     | Identified the +6 short sword "Undertaker" {freeze, rF+
                  | Dex+5}
 13125 | D:11     | Noticed a cyclops
 13137 | D:11     | Killed a cyclops
 13307 | D:11     | Noticed a manticore
 13432 | D:11     | Killed a manticore
 13853 | D:12     | Noticed a cyclops
 14356 | D:12     | Noticed Nessos
 14361 | D:12     | Noticed a green ugly thing
 14382 | D:12     | Shot with an arrow by Nessos

Illustrated notes

Levels and vault maps discovered:
D:1:      nagdon_arrival_zigzag_paths, layout_basic, moated_statue
D:2:      layout_loops_ring, ebering_ecumenical_altar_petrified, uniq_robin
D:3:      layout_rooms, mainiacjoe_overflow_alcove_1, serial_shops, shop
D:4:      layout_basic, minmay_temple_entry_glassed_door, dk_rats_in_the_wall,
          uniq_eustachio
D:5:      layout_loops_ring, uniq_pikel
D:6:      layout_loops_corners, lemuel_coloured_pillars_altar,
          hangedman_decor_slide_cut, nicolae_take_the_stairs
D:7:      layout_gridville, mainiacjoe_overflow_alcove_2
D:8:      layout_gridville, nicolae_wu_jian_immortal_techniques,
          kennysheep_mini, minitemple, serial_shops, shop_scrolls
D:9:      layout_grid_maze, marbit_many_paths, vehumet_statue,
          grunt_lair_entry_orc_guard_hut, worms_lemuel
D:10:     layout_loops_corners, amcnicky_altar_gilded, serial_shops,
          nicolae_shop_stone, hellmonk_ghost_big_iron
D:11:     layout_stronghold, orc_0_dummy
D:12:     layout_loops_ring, minmay_between, uniq_nessos
Temple:   hellmonk_temple_flake

Skill      XL: |  1  2  3  4  5  6  7  8  9 10 11 |
---------------+----------------------------------+-----
Transmutations | 1 2 3 5 |  5.4
Earth Magic    | 4 6 7 9 11 12 13 14 | 14.6
Dodging        | 2 |  2.3
Stealth        | 3 |  3.2
Conjurations   | 2 5 |  5.8
Fighting       | 1 4 |  4.0
Spellcasting   | 3 6 9 |  9.4

Action                     |  1- 3 |  4- 6 |  7- 9 | 10-12 || total
---------------------------+-------+-------+-------+-------++-------
  Melee: Unarmed           |       |     4 |       |       ||     4
         Rapier            |       |       |     6 |    27 ||    33
   Cast: Sandblast         |    60 |    87 |    80 |   108 ||   335
         Stone Arrow       |       |       |    57 |    97 ||   154
         Passwall          |       |       |     2 |     1 ||     3
         Petrify           |       |       |       |    12 ||    12
 Invoke: Curse Item        |       |       |     5 |     1 ||     6
    Use: Scroll            |     4 |     6 |     4 |     3 ||    17
         Potion            |       |     1 |       |     4 ||     5
 Armour: Robe              |     5 |    14 |    17 |    55 ||    91
  Dodge: Dodged            |     2 |    32 |    39 |   172 ||   245

Table legend: (Time is in decaauts)
 A = Elapsed time spent in this place.
 B = Non-inter-level travel time spent in this place.
 C = Inter-level travel time spent in this place.
 D = Time resting spent in this place.
 E = Time spent auto-exploring this place.
 F = Levels seen in this place.
 G = Mean time per level.
                   A        B        C        D        E       F      G
               +--------+--------+--------+--------+--------+-----+--------+
         Total |  14563 |  14290 |    273 |   3114 |   8091 |  13 | 1120.2 |
       Dungeon |  14379 |  14106 |    273 |   3114 |   7957 |  12 | 1198.2 |
        Temple |    184 |    184 |      0 |      0 |    134 |   1 |  184.0 |
               +--------+--------+--------+--------+--------+-----+--------+

Top non-repeatable levels by time:
     D:8: 1743 daAuts
     D:7: 1730 daAuts
    D:11: 1693 daAuts
    D:10: 1533 daAuts
     D:4: 1495 daAuts
     D:1: 1372 daAuts
     D:2: 1252 daAuts
     D:6: 1225 daAuts
     D:5: 1115 daAuts
     D:3: 715 daAuts
    D:12: 447 daAuts
  Temple: 184 daAuts
     D:9: 55 daAuts
